AoeStats
← 小白

Arabia

506333103Analyzed
4v4 RM · 20d ago on Sep 13, 2026· 36m 30s· 8 players
Game mode
Random Map
Map size
Large (8 player)
Population
200
Speed
Normal
Resources
Standard
Victory
Conquest
Starting age
Dark Age
Ending age
Imperial Age
RankedLock teamsTeams togetherTeam positionsShared explorationLock speedFull tech treeHidden civsTurbo modeCheats
Victory
Defeat
🇻🇳 Britons · Vietnam
2032
+7
🇻🇳 Maya · Vietnam
2017
+7
🇻🇳 Khmer · Vietnam
1892
+12
🇺🇸 Franks · United States
1805
+15
🇹🇼 Britons · Taiwan
1949
-16
🇹🇼 Khmer · Taiwan
1882
-13
🇹🇼 Vietnamese · Taiwan
1752
-8
🇹🇼 Magyars · Taiwan
1602
-4
Mr.Bean
6:20 Loom
9:20 Feudal Age
11:31 Double-Bit Axe
14:22 Fletching
15:42 Padded Archer Armor
22:04 Castle Age
21:01 Gold Mining
21:06 Horse Collar
22:12 Crossbowman
22:53 Bodkin Arrow
23:09 Bow Saw
24:30 Wheelbarrow
24:20 Ballistics
25:50 Town Watch
26:43 Leather Archer Armor
BB3097790
6:04 Loom
8:20 Feudal Age
11:41 Double-Bit Axe
20:41 Castle Age
19:23 Forging
19:22 Gold Mining
21:24 Scale Barding Armor
21:25 Husbandry
22:59 Chain Barding Armor
28:41 Bow Saw
30:31 Wheelbarrow
29:42 Town Watch
35:27 Hand Cart
39:24 Imperial Age
Đam Mê Game
6:33 Loom
8:54 Feudal Age
9:31 Double-Bit Axe
16:23 Scale Barding Armor
17:10 Bloodlines
22:34 Forging
26:39 Castle Age
26:42 Light Cavalry
27:23 Husbandry
27:50 Horse Collar
28:20 Bow Saw
29:55 Gold Mining
30:07 Heavy Plow
32:25 Gold Shaft Mining
34:22 Chain Barding Armor
36:41 Iron Casting
ÐàLat«Gô°Kµ»
0:29 Loom
9:04 Feudal Age
10:32 Double-Bit Axe
12:27 Fletching
18:06 Wheelbarrow
21:22 Castle Age
19:49 Horse Collar
21:59 Crossbowman
22:45 Bodkin Arrow
24:30 Ballistics
24:45 Padded Archer Armor
25:03 Bow Saw
30:50 Heavy Plow
36:23 Stone Mining
小蜜蜂
6:53 Loom
9:17 Feudal Age
10:04 Double-Bit Axe
13:15 Fletching
17:35 Padded Archer Armor
22:57 Castle Age
21:10 Horse Collar
22:19 Gold Mining
23:07 Wheelbarrow
22:58 Crossbowman
23:33 Bodkin Arrow
23:58 Bow Saw
24:49 Ballistics
25:37 Wheelbarrow
散步小鵝
6:25 Loom
10:56 Feudal Age
11:24 Double-Bit Axe
11:53 Horse Collar
19:37 Scale Barding Armor
25:39 Castle Age
25:12 Gold Mining
26:33 Bloodlines
26:55 Husbandry
29:57 Chain Barding Armor
34:20 Heavy Plow
34:34 Bow Saw
小白
8:50 Feudal Age
10:07 Double-Bit Axe
13:04 Loom
13:37 Bloodlines
14:57 Scale Barding Armor
16:00 Forging
17:00 Wheelbarrow
19:22 Horse Collar
25:44 Castle Age
24:04 Gold Mining
25:45 Light Cavalry
26:46 Chain Barding Armor
28:31 Bow Saw
28:42 Heavy Plow
33:17 Husbandry
老天鵝
3:07 Loom
10:32 Feudal Age
13:29 Fletching
16:58 Double-Bit Axe
24:52 Castle Age
24:34 Horse Collar
24:46 Gold Mining
25:31 Bodkin Arrow
25:08 Crossbowman
27:26 Ballistics
28:46 Padded Archer Armor
Connection lost

Rejoining the realm…

Still unreachable

The connection could not be restored.

Session expired

The server has moved on; the page needs a fresh start.